AoeStats
← Jazzmushroom

Arena

507327587Analyzed
1v1 RM · 14d ago on Sep 17, 2026· 39m 23s· 2 players
Game mode
Random Map
Map size
Tiny (2 player)
Population
200
Speed
Normal
Resources
Standard
Victory
Conquest
Starting age
Dark Age
Ending age
Imperial Age
RankedLock teamsTeams togetherTeam positionsShared explorationLock speedFull tech treeHidden civsTurbo modeCheats
Victory
Defeat
🇺🇸 Burgundians · United States
1427
+13
🇹🇼 Berbers · Taiwan
1364
-13
Jazzmushroom
3:38 Double-Bit Axe
8:45 Loom
10:55 Feudal Age
9:52 Gold Mining
9:54 Horse Collar
15:41 Castle Age
14:21 Bow Saw
17:23 Two-Man Saw
18:02 Heavy Plow
18:39 Wheelbarrow
20:07 Town Watch
20:38 Hand Cart
26:36 Husbandry
26:42 Squires
26:09 Pikeman
27:15 Light Cavalry
28:06 Scale Barding Armor
28:30 Stone Mining
29:19 Gold Shaft Mining
31:59 Imperial Age
32:14 Burgundian Vineyards
33:00 Stone Shaft Mining
33:44 Chemistry
32:53 Hussar
34:21 Treadmill Crane
35:27 Conscription
37:45 Scale Barding Armor
37:51 Forging
37:43 Padded Archer Armor
Feather
11:24 Feudal Age
15:06 Castle Age
13:45 Double-Bit Axe
13:41 Horse Collar
15:58 Wheelbarrow
17:29 Bow Saw
21:06 Loom
23:58 Hand Cart
26:57 Hand Cart
26:28 Town Watch
26:28 Loom
27:14 Bloodlines
27:05 Husbandry
29:49 Imperial Age
28:26 Padded Archer Armor
28:03 Light Cavalry
28:09 Pikeman
28:46 Stone Mining
28:49 Gold Mining
28:56 Treadmill Crane
30:05 Fletching
30:27 Forging
31:17 Bodkin Arrow
31:54 Scale Barding Armor
32:25 Iron Casting
31:53 Scale Mail Armor
33:17 Chemistry
32:23 Siege Engineers
35:04 Hussar
36:18 Bracer
36:12 Cavalier
37:17 Elite Skirmisher
38:03 Thumb Ring
37:18 Elite Genitour
Connection lost

Rejoining the realm…

Still unreachable

The connection could not be restored.

Session expired

The server has moved on; the page needs a fresh start.